cohdb
Replays
Latest Replays
All Replays
Popular Replays
Top Player Replays
Match Explorer
How It Works
Community
CoH3 Stats
Reddit
Sign in to upload your games and track your stats! →
Sign in with Steam
Match 45343339
Unlisted
Match 45343339
Overview
Messages
Build Orders
End
Construct Barracks
Engineer Squad
Selects Heavy Weapons
Riflemen Squad
1⁄4-ton 4x4 Truck
Riflemen Squad
Riflemen Squad
Infantry Support Center
Grenade Package
Construct Weapon Support Center
Bazooka Squad
Selects Assault Carriers
M3 Assault Carrier
Selects Exchangeable Parts
Engineer Squad
M3 Assault Carrier
Riflemen Squad
M1918 Browning Automatic Rifles
Grunk
ItsEnough
Mr.NooB
Ra11
iShootMedics
Zoni
0
0
Comments
sign in to comment!
No comments posted yet!